| TOP OF THE 1ST |
|
Chicago White Sox batting - Pitching for Oakland Athletics : RHP Sammy Stewart
|
|
Pitching: RHP Sammy Stewart
|
|
|
Batting: SHB Ozzie Smith
|
0-0: Ball 1-0: Ball 2-0: Ball 3-0: Called Strike 3-1: Base on Balls
|
|
Batting: LHB Mitchell Page
|
0-0: Called Strike 0-1: Fly out, F9 (Flyball, 9D, EV 103.8 MPH)
|
|
Batting: RHB Kevin McReynolds
|
0-0: Ball Wild Pitch! Ozzie Smith to second 1-0: Fly out, F4 (Flyball, 34D, EV 90.6 MPH)
|
|
Batting: RHB Tim Teufel
|
0-0: Ball 1-0: Foul Ball, location: 2F 1-1: Foul Ball, location: 2F 1-2: Ball 2-2: Ground out 4-3 (Groundball, P, EV 84.4 MPH)
|
| Top of the 1st over - 0 runs, 0 hits, 0 errors, 1 left on base; Chicago 0 - Oakland 0 |
| BOTTOM OF THE 1ST |
|
Oakland Athletics batting - Pitching for Chicago White Sox : LHP John Candelaria
|
|
Pitching: LHP John Candelaria
|
|
|
Batting: RHB Willie Randolph
|
0-0: Ball 1-0: Foul Ball, location: 2F 1-1: Swinging Strike 1-2: Foul Ball, location: 2F 1-2: SINGLE (Groundball, 5S, EV 66.9 MPH) (infield hit)
|
|
Batting: RHB Toby Harrah
|
0-0: Ball 1-0: Swinging Strike 1-1: Ball 2-1: Bunted foul 2-2: Foul Ball, location: 2F 2-2: Foul Ball, location: 2F 2-2: SINGLE (Groundball, 56D, EV 107.5 MPH) Willie Randolph to second
|
|
Batting: LHB Ruppert Jones
|
0-0: Swinging Strike 0-1: Ball 1-1: Foul Ball, location: 2F 1-2: Foul Ball, location: 2F 1-2: Foul Ball, location: 2F 1-2: Strikes out swinging
|
|
Batting: RHB George Hendrick
|
0-0: Ball 1-0: Called Strike 1-1: SINGLE (Flyball, 3D, EV 87.5 MPH) Willie Randolph to third Toby Harrah to second
|
|
Batting: LHB Ben Oglivie
|
0-0: Called Strike 0-1: Foul Ball, location: 2F 0-2: Fielders Choice at 2nd, 4-6 (Groundball, 4, EV 85.6 MPH) Willie Randolph scores Toby Harrah to third
|
|
Batting: LHB Reggie Jackson
|
0-0: Called Strike 0-1: Ball 1-1: Ball 2-1: Foul Ball, location: 2F 2-2: Foul Ball, location: 2F 2-2: SINGLE (Line Drive, 56D, EV 101.9 MPH) Toby Harrah scores Ben Oglivie to second Runner from 2nd tries for 3rd, SAFE, no throw by LF
|
|
Batting: RHB Dave Henderson
|
0-0: Called Strike 0-1: Called Strike 0-2: Ball 1-2: Foul Ball, location: 2F 1-2: Strikes out swinging
|
| Bottom of the 1st over - 2 runs, 4 hits, 0 errors, 2 left on base; Chicago 0 - Oakland 2 |
| TOP OF THE 2ND |
|
Chicago White Sox batting - Pitching for Oakland Athletics : RHP Sammy Stewart
|
|
Batting: SHB Dwayne Taggart
|
0-0: Ball 1-0: Ball 2-0: Called Strike 2-1: SINGLE (Groundball, 34D, EV 101.9 MPH)
|
|
Batting: RHB Steve Henderson
|
0-0: Called Strike 0-1: Ball 1-1: Foul Ball, location: 2F 1-2: Ball 2-2: Ball 3-2: Strikes out swinging
|
|
Batting: LHB Ryan MacFarland
|
0-0: Ball Wild Pitch! Dwayne Taggart to second 1-0: Ball 2-0: Ball 3-0: Base on Balls
|
|
Batting: RHB Jose Castro
|
0-0: Called Strike 0-1: Fly out, F6 (Popup, P, EV 75.0 MPH)
|
|
Batting: LHB Steve Christmas
|
0-0: Ground out 4-3 (Groundball, 4, EV 103.8 MPH)
|
| Top of the 2nd over - 0 runs, 1 hit, 0 errors, 2 left on base; Chicago 0 - Oakland 2 |
| BOTTOM OF THE 2ND |
|
Oakland Athletics batting - Pitching for Chicago White Sox : LHP John Candelaria
|
|
Batting: RHB Barry Foote
|
0-0: Ball 1-0: Ball 2-0: Swinging Strike 2-1: Called Strike 2-2: Ball 3-2: Fly out, F8 (Flyball, 8RM, EV 88.1 MPH)
|
|
Batting: RHB Scott Fletcher
|
0-0: Ball 1-0: Fly out, F8 (Flyball, 8RM, EV 77.5 MPH)
|
|
Batting: RHB Willie Randolph
|
0-0: Swinging Strike 0-1: Ground out 6-3 (Groundball, 6, EV 80.0 MPH)
|
| Bottom of the 2nd over - 0 runs, 0 hits, 0 errors, 0 left on base; Chicago 0 - Oakland 2 |
| TOP OF THE 3RD |
|
Chicago White Sox batting - Pitching for Oakland Athletics : RHP Sammy Stewart
|
|
Batting: SHB Ozzie Smith
|
0-0: DOUBLE (Flyball, 78D, EV 97.5 MPH)
|
|
Batting: LHB Mitchell Page
|
0-0: Ball 1-0: Ball 2-0: Foul Ball, location: 2F 2-1: Ball 3-1: SINGLE (Groundball, 3D, EV 105.0 MPH) Ozzie Smith to third Runner from 3rd tries for Home, SAFE, throw by RF to home
|
|
Batting: RHB Kevin McReynolds
|
0-0: Ball 1-0: Called Strike 1-1: Ball 2-1: SINGLE (Flyball, 8LS, EV 85.6 MPH) Mitchell Page to second
|
|
Batting: RHB Tim Teufel
|
0-0: Called Strike 0-1: SINGLE (Groundball, 56D, EV 108.1 MPH) Mitchell Page to third Kevin McReynolds to second Runner from 3rd tries for Home, SAFE, throw by LF to home
|
|
Batting: SHB Dwayne Taggart
|
0-0: Ball 1-0: Ball 2-0: SINGLE (Groundball, 4MD, EV 96.3 MPH) Kevin McReynolds to third Tim Teufel to second Runner from 3rd tries for Home, SAFE, throw by CF to home
|
|
Batting: RHB Steve Henderson
|
0-0: Ball 1-0: Ball 2-0: Foul Ball, location: 2F 2-1: SINGLE (Line Drive, 7S, EV 102.5 MPH) Tim Teufel to third Dwayne Taggart to second Runner from 3rd tries for Home, SAFE, throw by LF to home
|
|
Batting: LHB Ryan MacFarland
|
0-0: Foul Ball, location: 2F 0-1: Foul Ball, location: 2F 0-2: Strikes out swinging
|
|
Batting: RHB Jose Castro
|
0-0: Called Strike 0-1: Ball 1-1: Foul Ball, location: 2F 1-2: Foul Ball, location: 2F 1-2: Ball 2-2: Ball 3-2: Ground out 6-3 (Groundball, 6M, EV 98.1 MPH) Dwayne Taggart to third Steve Henderson to second
|
|
Batting: LHB Steve Christmas
|
0-0: Called Strike 0-1: Ball 1-1: Called Strike 1-2: Ball 2-2: SINGLE (Flyball, 56D, EV 94.4 MPH) Dwayne Taggart scores Steve Henderson to third Runner from 3rd tries for Home, SAFE, throw by LF to home
|
|
Pitching: RHP Dan Larson
|
|
|
Batting: SHB Ozzie Smith
|
0-0: Ball 1-0: Ground out 4-3 (Groundball, 4D, EV 85.6 MPH)
|
| Top of the 3rd over - 6 runs, 7 hits, 0 errors, 1 left on base; Chicago 6 - Oakland 2 |
| BOTTOM OF THE 3RD |
|
Oakland Athletics batting - Pitching for Chicago White Sox : LHP John Candelaria
|
|
Batting: RHB Toby Harrah
|
0-0: Called Strike 0-1: Fly out, F8 (Flyball, 89M, EV 78.8 MPH)
|
|
Batting: LHB Ruppert Jones
|
0-0: Swinging Strike 0-1: Ball 1-1: Ball 2-1: Foul Ball, location: 2F 2-2: Foul Ball, location: 2F 2-2: Strikes out swinging
|
|
Batting: RHB George Hendrick
|
0-0: Ball 1-0: Ball 2-0: Ball 3-0: Base on Balls
|
|
Batting: LHB Ben Oglivie
|
0-0: Ball 1-0: Ground out 3-1 (Groundball, 34S, EV 68.1 MPH)
|
| Bottom of the 3rd over - 0 runs, 0 hits, 0 errors, 1 left on base; Chicago 6 - Oakland 2 |
| TOP OF THE 4TH |
|
Chicago White Sox batting - Pitching for Oakland Athletics : RHP Dan Larson
|
|
Batting: LHB Mitchell Page
|
0-0: Called Strike 0-1: Swinging Strike 0-2: Strikes out swinging
|
|
Batting: RHB Kevin McReynolds
|
0-0: Ball 1-0: Called Strike 1-1: Ball 2-1: Swinging Strike 2-2: Strikes out swinging
|
|
Batting: RHB Tim Teufel
|
0-0: Ball 1-0: Swinging Strike 1-1: Ball 2-1: Ball 3-1: Base on Balls
|
|
Batting: SHB Dwayne Taggart
|
0-0: Ball 1-0: Called Strike 1-1: Ball 2-1: Ball 3-1: Called Strike 3-2: Foul Ball, location: 2F 3-2: Strikes out swinging
|
| Top of the 4th over - 0 runs, 0 hits, 0 errors, 1 left on base; Chicago 6 - Oakland 2 |
| BOTTOM OF THE 4TH |
|
Oakland Athletics batting - Pitching for Chicago White Sox : LHP John Candelaria
|
|
Batting: LHB Reggie Jackson
|
0-0: Called Strike 0-1: Called Strike 0-2: SOLO HOME RUN (Flyball, 89XD, EV 103.8 MPH), Distance : 424 ft
|
|
Batting: RHB Dave Henderson
|
0-0: SINGLE (Line Drive, 89S, EV 96.9 MPH)
|
|
Batting: RHB Barry Foote
|
0-0: Swinging Strike 0-1: SINGLE (Groundball, 4MS, EV 70.6 MPH) (infield hit) Dave Henderson to second
|
|
Batting: RHB Scott Fletcher
|
0-0: Swinging Strike 0-1: Foul Ball, location: 2F 0-2: Foul Ball, location: 2F 0-2: Ball 1-2: SINGLE (Groundball, 34D, EV 110.0 MPH) Dave Henderson to third Barry Foote to second Runner from 3rd tries for Home, SAFE, throw by RF to home
|
|
Batting: RHB Willie Randolph
|
0-0: Ball 1-0: Called Strike 1-1: Ball 2-1: Ball 3-1: Base on Balls Barry Foote to third Scott Fletcher to second
|
|
Batting: RHB Toby Harrah
|
0-0: Called Strike 0-1: Ball 1-1: Fly out, F8 (Line Drive, 8LM, EV 94.4 MPH) Runner from 3rd tags up, SCORES, no throw by CF
|
|
Batting: LHB Ruppert Jones
|
0-0: Ball 1-0: Called Strike 1-1: Ball 2-1: Ball Passed Ball! Scott Fletcher to third Willie Randolph to second 3-1: Base on Balls
|
|
Batting: RHB George Hendrick
|
0-0: Ball 1-0: Called Strike 1-1: Swinging Strike 1-2: Ball 2-2: Ball 3-2: Base on Balls Scott Fletcher scores Willie Randolph to third Ruppert Jones to second
|
|
Pitching: LHP Jerry O'Neill
|
|
|
Batting: LHB Ben Oglivie
|
0-0: Ball 1-0: Called Strike 1-1: Foul Ball, location: 2F 1-2: Strikes out looking
|
|
Batting: LHB Reggie Jackson
|
0-0: Ball 1-0: Ball 2-0: Called Strike 2-1: Foul Ball, location: 2F 2-2: Strikes out looking
|
| Bottom of the 4th over - 4 runs, 4 hits, 0 errors, 3 left on base; Chicago 6 - Oakland 6 |
| TOP OF THE 5TH |
|
Chicago White Sox batting - Pitching for Oakland Athletics : RHP Dan Larson
|
|
Batting: RHB Steve Henderson
|
0-0: Ball 1-0: Called Strike 1-1: Ball 2-1: Ball 3-1: Foul Ball, location: 2F 3-2: Strikes out swinging
|
|
Batting: LHB Ryan MacFarland
|
0-0: Ground out U3 (Groundball, 3, EV 87.5 MPH)
|
|
Batting: RHB Jose Castro
|
0-0: Called Strike 0-1: Ball 1-1: Ball 2-1: Swinging Strike 2-2: Fly out, F8 (Flyball, 8RM, EV 85.0 MPH)
|
| Top of the 5th over - 0 runs, 0 hits, 0 errors, 0 left on base; Chicago 6 - Oakland 6 |
| BOTTOM OF THE 5TH |
|
Oakland Athletics batting - Pitching for Chicago White Sox : LHP Jerry O'Neill
|
|
Batting: RHB Dave Henderson
|
0-0: Foul Ball, location: 2F 0-1: Ball 1-1: SOLO HOME RUN (Flyball, 89XD, EV 100.6 MPH), Distance : 411 ft
|
|
Batting: RHB Barry Foote
|
0-0: Ball 1-0: Ball 2-0: Called Strike 2-1: DOUBLE (Line Drive, 5D, EV 105.0 MPH)
|
|
Batting: RHB Scott Fletcher
|
0-0: Ball 1-0: Called Strike 1-1: Ground out 4-3 (Groundball, 4, EV 85.6 MPH) Barry Foote to third
|
|
Batting: RHB Willie Randolph
|
0-0: Called Strike 0-1: Ball 1-1: Ball 2-1: Ground out 5-3 (Groundball, 5, EV 83.8 MPH)
|
|
Batting: RHB Toby Harrah
|
0-0: Ball 1-0: Foul Ball, location: 2F 1-1: Foul Ball, location: 2F 1-2: Ground out 5-3 (Groundball, 56, EV 99.4 MPH)
|
| Bottom of the 5th over - 1 run, 2 hits, 0 errors, 1 left on base; Chicago 6 - Oakland 7 |
| TOP OF THE 6TH |
|
Chicago White Sox batting - Pitching for Oakland Athletics : RHP Dan Larson
|
|
Batting: LHB Steve Christmas
|
0-0: Ball 1-0: Swinging Strike 1-1: Foul Ball, location: 2F 1-2: Ball 2-2: Single, Error in OF, E7, batter to second base (Line Drive, 7S, EV 113.8 MPH)
|
|
Batting: SHB Ozzie Smith
|
0-0: Called Strike 0-1: Called Strike 0-2: Ball 1-2: Ball 2-2: Strikes out swinging
|
|
Batting: LHB Mitchell Page
|
0-0: Ball 1-0: Called Strike 1-1: Ball 2-1: Ball Wild Pitch! Steve Christmas to third 3-1: Foul Ball, location: 2F 3-2: DOUBLE (Flyball, 8RXD, EV 101.3 MPH) Steve Christmas scores
|
|
Batting: RHB Kevin McReynolds
|
0-0: Ball 1-0: Called Strike 1-1: Fly out, F7 (Flyball, 7LS, EV 83.1 MPH)
|
|
Batting: RHB Tim Teufel
|
0-0: DOUBLE (Line Drive, 8RXD, EV 103.8 MPH) Mitchell Page scores
|
|
Batting: SHB Dwayne Taggart
|
0-0: Ball 1-0: Foul Ball, location: 2F 1-1: SINGLE (Line Drive, 6M, EV 99.4 MPH) Tim Teufel to third Runner from 3rd tries for Home, SAFE, throw by CF to home
|
|
Batting: RHB Steve Henderson
|
0-0: Fielders Choice at 2nd, 6-4 (Groundball, 6, EV 103.8 MPH)
|
| Top of the 6th over - 3 runs, 4 hits, 1 error, 1 left on base; Chicago 9 - Oakland 7 |
| BOTTOM OF THE 6TH |
|
Oakland Athletics batting - Pitching for Chicago White Sox : LHP Jerry O'Neill
|
|
Batting: LHB Ruppert Jones
|
0-0: Ground out 6-3 (Groundball, 6, EV 82.5 MPH)
|
|
Batting: RHB George Hendrick
|
0-0: Ball 1-0: Ball 2-0: Called Strike 2-1: Ball 3-1: Called Strike 3-2: Foul Ball, location: 2F 3-2: Fly out, F9 (Flyball, 89M, EV 88.8 MPH)
|
|
Batting: LHB Ben Oglivie
|
0-0: Called Strike 0-1: Ball 1-1: Swinging Strike 1-2: Foul Ball, location: 2F 1-2: Ball 2-2: Strikes out looking
|
| Bottom of the 6th over - 0 runs, 0 hits, 0 errors, 0 left on base; Chicago 9 - Oakland 7 |
| TOP OF THE 7TH |
|
Chicago White Sox batting - Pitching for Oakland Athletics : RHP Dan Larson
|
|
Pitching: LHP Bob Falcon
|
|
|
Batting: LHB Ryan MacFarland
|
0-0: Ball 1-0: Ball 2-0: DOUBLE (Line Drive, 89D, EV 98.1 MPH)
|
|
Batting: RHB Jose Castro
|
0-0: Intentional Walk
|
|
Batting: LHB Steve Christmas
|
0-0: Ball 1-0: Ball 2-0: Ball 3-0: Base on Balls Ryan MacFarland to third Jose Castro to second
|
|
Batting: SHB Ozzie Smith
|
0-0: Ball 1-0: Called Strike 1-1: Ball 2-1: Ball 3-1: Grounds into double play, 5-2-3 (Groundball, 25, EV 75.6 MPH) Jose Castro to third Steve Christmas to second
|
|
Batting: LHB Mitchell Page
|
0-0: Called Strike 0-1: SINGLE (Line Drive, 8LS, EV 103.8 MPH) Jose Castro scores Steve Christmas to third Runner from 3rd tries for Home, SAFE, throw by CF to home
|
|
Batting: RHB Kevin McReynolds
|
0-0: Called Strike 0-1: Ball 1-1: Fly out, F9 (Flyball, 9LD, EV 89.4 MPH)
|
| Top of the 7th over - 2 runs, 2 hits, 0 errors, 1 left on base; Chicago 11 - Oakland 7 |
| BOTTOM OF THE 7TH |
|
Oakland Athletics batting - Pitching for Chicago White Sox : LHP Jerry O'Neill
|
|
Batting: LHB Reggie Jackson
|
0-0: Foul Ball, location: 2F 0-1: Ball 1-1: Ball 2-1: Foul Ball, location: 2F 2-2: Strikes out swinging
|
|
Batting: RHB Dave Henderson
|
0-0: Fly out, F4 (Popup, 4S, EV 77.5 MPH)
|
|
Batting: RHB Barry Foote
|
0-0: Ball 1-0: Ball 2-0: Foul Ball, location: 2F 2-1: Ball 3-1: Base on Balls
|
|
Pitching: LHP Gary Christophel
|
|
|
Batting: RHB Scott Fletcher
|
0-0: Swinging Strike 0-1: Ball 1-1: Ball 2-1: Foul Ball, location: 2F 2-2: SINGLE (Line Drive, 3D, EV 107.5 MPH) Barry Foote to second
|
|
Batting: RHB Willie Randolph
|
0-0: Ball 1-0: Ball 2-0: Ball 3-0: Called Strike 3-1: Base on Balls Barry Foote to third Scott Fletcher to second
|
|
Batting: RHB Toby Harrah
|
0-0: Ball 1-0: Called Strike 1-1: Foul Ball, location: 2F 1-2: Strikes out looking
|
| Bottom of the 7th over - 0 runs, 1 hit, 0 errors, 3 left on base; Chicago 11 - Oakland 7 |
| TOP OF THE 8TH |
|
Chicago White Sox batting - Pitching for Oakland Athletics : LHP Bob Falcon
|
|
Batting: RHB Tim Teufel
|
0-0: Called Strike 0-1: Ball 1-1: Ball 2-1: Ball 3-1: Base on Balls
|
|
Batting: SHB Dwayne Taggart
|
0-0: Ball 1-0: Called Strike 1-1: Called Strike 1-2: SINGLE (Groundball, 5S, EV 70.0 MPH) (infield hit) Tim Teufel to second
|
|
Batting: RHB Steve Henderson
|
0-0: Ball 1-0: Called Strike 1-1: Ball 2-1: Ball 3-1: Foul Ball, location: 2F 3-2: Base on Balls Tim Teufel to third Dwayne Taggart to second
|
|
Batting: LHB Ryan MacFarland
|
0-0: Called Strike 0-1: Called Strike 0-2: Ball 1-2: Strikes out swinging
|
|
Batting: RHB Jose Castro
|
0-0: Swinging Strike 0-1: Ball 1-1: Ball 2-1: Swinging Strike 2-2: Strikes out swinging
|
|
Batting: LHB Steve Christmas
|
0-0: Ball 1-0: Ball 2-0: Fly out, F8 (Flyball, 8LD, EV 96.9 MPH)
|
| Top of the 8th over - 0 runs, 1 hit, 0 errors, 3 left on base; Chicago 11 - Oakland 7 |
| BOTTOM OF THE 8TH |
|
Oakland Athletics batting - Pitching for Chicago White Sox : LHP Gary Christophel
|
|
Batting: LHB Ruppert Jones
|
0-0: Called Strike 0-1: Ball 1-1: Ball 2-1: Swinging Strike 2-2: Fly out, F8 (Flyball, 8LM, EV 93.8 MPH)
|
|
Batting: RHB George Hendrick
|
0-0: Called Strike 0-1: Ball 1-1: Called Strike 1-2: Ball 2-2: Ball 3-2: Fly out, F8 (Line Drive, 8LD, EV 108.1 MPH)
|
|
Batting: LHB Ben Oglivie
|
0-0: Ball 1-0: Fly out, F9 (Line Drive, 9, EV 96.9 MPH)
|
| Bottom of the 8th over - 0 runs, 0 hits, 0 errors, 0 left on base; Chicago 11 - Oakland 7 |
| TOP OF THE 9TH |
|
Chicago White Sox batting - Pitching for Oakland Athletics : LHP Bob Falcon
|
|
Batting: SHB Ozzie Smith
|
0-0: Ball 1-0: Foul Ball, location: 2F 1-1: Ball 2-1: Foul Ball, location: 2F 2-2: Ball 3-2: Ground out 4-3 (Groundball, 34, EV 90.6 MPH)
|
|
Batting: LHB Mitchell Page
|
0-0: Called Strike 0-1: Ball 1-1: Called Strike 1-2: Ball 2-2: SINGLE (Line Drive, 9S, EV 110.0 MPH)
|
|
Pitching: RHP Ron G Davis
|
|
|
Batting: RHB Kevin McReynolds
|
0-0: Called Strike 0-1: Called Strike 0-2: Strikes out swinging
|
|
Batting: RHB Tim Teufel
|
0-0: Ball 1-0: SINGLE (Groundball, 56D, EV 103.8 MPH) Mitchell Page to second Runner from 2nd tries for 3rd, SAFE, throw by LF made to third Tim Teufel to second
|
|
Batting: SHB Dwayne Taggart
|
0-0: Called Strike 0-1: Ball 1-1: Foul Ball, location: 2F 1-2: Strikes out swinging
|
| Top of the 9th over - 0 runs, 2 hits, 0 errors, 2 left on base; Chicago 11 - Oakland 7 |
| BOTTOM OF THE 9TH |
|
Oakland Athletics batting - Pitching for Chicago White Sox : LHP Gary Christophel
|
|
Batting: LHB Reggie Jackson
|
0-0: Called Strike 0-1: Foul Ball, location: 3F, Error on foul ball, E3 0-2: Ground out 6-3 (Groundball, 6, EV 87.5 MPH)
|
|
Batting: RHB Dave Henderson
|
0-0: Ball 1-0: Ball 2-0: Ball 3-0: Base on Balls
|
|
Batting: RHB Barry Foote
|
0-0: Ball 1-0: Called Strike 1-1: Swinging Strike 1-2: Strikes out swinging
|
|
Pitching: RHP Dickie Noles
|
|
|
Batting: RHB Scott Fletcher
|
0-0: Fly out, F7 (Flyball, 7LS, EV 88.8 MPH)
|
| Bottom of the 9th over - 0 runs, 0 hits, 1 error, 1 left on base; Chicago 11 - Oakland 7 |
|